 Dungeon Crawl Stone Soup version 0.29.1-15-g9cfb28693d (webtiles) character file.

Game seed: 10350772679431248497

814 buriedalive the Chiller (level 7, -10/36 HPs)
             Began as a Deep Elf Ice Elementalist on Apr 18, 2023.
             Was an Initiate of Ashenzari.
             Mangled by an ogre
             ... wielding a +0 giant club
              (21 damage)
             ... on level 5 of the Dungeon.
             The game lasted 00:12:41 (5830 turns).

buriedalive the Chiller (Deep Elf Ice Elementalist) Turns: 5830, Time: 00:12:41

Health: -10/36     AC:  6    Str: 11    XL:     7   Next: 62%
Magic:  13/16      EV: 19    Int: 22    God:    Ashenzari [......]
Gold:   294        SH:  0    Dex: 15    Spells: 9/16 levels left

rFire   + . .      SeeInvis .   h - +1 dagger
rCold   . . .      Faith    .   (no shield)
rNeg    . . .      Spirit   .   q - +2 robe {rF+}
rPois   .          Reflect  .   (no helmet)
rElec   .          Harm     .   (no cloak)
rCorr   .          Rampage  .   v - +1 pair of gloves
Will    .....                   (no boots)
Stlth   ++........              (no amulet)
HPRegen 0.12/turn               d - +6 ring of strength
MPRegen 0.15/turn               r - +4 ring of evasion

@: freezing walls
A: no striking features
a: Renounce Religion


You were on level 5 of the Dungeon.
You worshipped Ashenzari.
Ashenzari was noncommittal.
You visited 2 branches of the dungeon, and saw 6 of its levels.

You collected 294 gold pieces.

Inventory:

Hand Weapons
 h - a +1 dagger (weapon)
 l - a +0 morningstar of holy wrath
Missiles
 i - 43 stones
 m - 6 poisoned darts
Armour
 q - a +2 robe of fire resistance (worn)
 v - a +1 pair of gloves (worn)
Magical Staves
 n - a staff of conjuration
Jewellery
 d - a +6 ring of strength (left hand)
 g - a +6 ring of strength
 r - a +4 ring of evasion (right hand)
Wands
 a - a wand of charming (10)
 f - a wand of mindburst (9)
Scrolls
 e - a scroll of butterflies
 p - a scroll of identify
 t - a scroll of fear
Potions
 b - a potion of magic
 c - a potion of curing
 j - 2 potions of invisibility {unknown}
 k - 2 potions of ambrosia {unknown}
 o - a potion of might
 s - a potion of resistance {unknown}
 u - 3 potions of brilliance {unknown}


   Skills:
 + Level 7.0 Dodging
 - Level 2.4 Stealth
 - Level 5.0 Spellcasting
 + Level 7.7 Ice Magic


You had 9 spell levels left.
You knew the following spells:

 Your Spells              Type           Power      Damage    Failure   Level
a - Freeze                Ice            100%       1d11      1%          1
b - Ozocubu's Armour      Ice            39%        N/A       1%          3
c - Frozen Ramparts       Ice            78%        1d12      1%          3

Your spell library contained the following spells:

 Spells                   Type           Power      Damage    Failure   Level
 Beastly Appendage        Tmut           10%        N/A       10%         1
 Foxfire                  Conj/Fire      20%        2x1d5     10%         1
 Static Discharge         Conj/Air       5%         3-4/arc   16%         2
 Wereblood                Tmut           5%         N/A       16%         2
 Hailstorm                Conj/Ice       22%        3d7       21%         4
 Conjure Flame            Conj/Fire      5%         6-21      30%         3
 Inner Flame              Hex/Fire       5%         N/A       30%         3
 Spider Form              Tmut/Pois      5%         N/A       30%         3
 Dispel Undead            Necr           5%         3d7       69%         4
 Flame Wave               Conj/Fire      5%         2d5       69%         4
 Sticky Flame             Conj/Fire      5%         2d3       69%         4


Dungeon Overview and Level Annotations

Branches:
Dungeon (5/15)             Temple (1/1) D:5

Altars:
Ashenzari
Cheibriados
Elyvilon
Fedhas
Gozag
Hepliaklqana
Kikubaaqudgha
Makhleb
Nemelex Xobeh
Okawaru
Qazlal
Ru
Sif Muna
Trog
Vehumet
Wu Jian
Xom
The Shining One

Shops:
D:4 =


Message History

The frozen ramparts melt away.
You see here an adder corpse.
Found an escape hatch in the ceiling.
Found a stone staircase leading up.
A dart slug comes into view.
You hit the dart slug.
The dart slug is moderately wounded.
The dart slug launches a dart at you. The slug dart hits you.
You hit the dart slug.
The dart slug is severely wounded.
You hit the dart slug.
The dart slug is almost dead.
The dart slug closely misses you.
You hit the dart slug.
You kill the dart slug!
No target in view!
There is a stone staircase leading up here.
You now have 294 gold pieces (gained 11).
Found a stormy altar of Qazlal.
The ogre shouts!
Casting: Frozen Ramparts (safe; 1% risk of failure)
Confirm with . or Enter, or press ? or * to list all spells.
Casting: Frozen Ramparts (safe; 1% risk of failure)
Press: ? - help, Dir - look around, f - activate The walls around you are covered in ice.
The wall freezes the ogre!
The ogre misses you.
Unknown command.
You barely miss the ogre.
The ogre is moderately wounded.
You barely miss the ogre.
The ogre is moderately wounded.
The wall freezes the ogre.
The ogre hits you with a +0 giant club!!
Ouch! That really hurt!
You hit the ogre.
The ogre is heavily wounded.
The wall freezes the ogre.
The ogre hits you with a +0 giant club!!
Ouch! That really hurt!
You die...

######....#
.......#####..........
.######..............## ##
#....###...........# ##.####
#...........# . ###..#
#...........##.. ....##
###.[.......#....
#....####......O#......##
..##......# #...@.......#.
######........#.##........
.###....######..#.........
.....#..####...##..........
..####.......####.........#
#
..##.......######.........#.
..!..#..##.#...........>...
..####.#.....#####....>..##
#.###....#.### #.........#


You could see an ogre.

Vanquished Creatures
  Sigmund (D:2)
  2 black bears
  A phantom (D:5)
  A scorpion (D:5)
  An orc priest (D:4)
  An iguana (D:5)
  Natasha (thrice) (D:2)
  3 gnolls (D:4)
  7 adders
  A white imp (D:5)
  An ufetubus (D:4)
  3 worms
  4 dart slugs
  6 orcs
  5 endoplasms
  5 giant cockroaches
  6 goblins
  9 hobgoblins
  2 quokkas
  7 ball pythons
  7 bats
  5 frilled lizards
  6 kobolds
  8 rats
95 creatures vanquished.

Notes
Turn   | Place    | Note
-------+----------+-------------------------------------------
     0 | D:1      | buriedalive the Deep Elf Ice Elementalist began the quest
                  | for the Orb.
     0 | D:1      | Reached XP level 1. HP: 10/10 MP: 6/6
   342 | D:1      | Reached XP level 2. HP: 12/15 MP: 4/8
   672 | D:1      | Found a faded altar of an unknown god.
  1421 | D:1      | Reached XP level 3. HP: 19/19 MP: 8/10
  1425 | D:1      | Learned a level 3 spell: Ozocubu's Armour
  1429 | D:1      | Learned a level 3 spell: Frozen Ramparts
  1486 | D:2      | Noticed Natasha
  1493 | D:2      | Killed Natasha
  1873 | D:2      | Reached skill level 5 in Ice Magic
  2037 | D:2      | Noticed Natasha
  2049 | D:2      | Killed Natasha
  2050 | D:2      | Reached XP level 4. HP: 20/24 MP: 8/12
  2133 | D:2      | Noticed Sigmund
  2551 | D:2      | Killed Sigmund
  2552 | D:2      | Reached skill level 5 in Spellcasting
  2552 | D:2      | Reached XP level 5. HP: 17/28 MP: 5/14
  2552 | D:2      | Reached XP level 6. HP: 19/32 MP: 5/15
  2858 | D:2      | Noticed Natasha
  2872 | D:2      | Killed Natasha
  2873 | D:2      | Reached skill level 5 in Dodging
  3059 | D:3      | Found a bloodstained altar of Trog.
  4126 | D:4      | Reached XP level 7. HP: 36/36 MP: 10/16
  4461 | D:4      | Found Olileoc's Jewellery Shoppe.
  4675 | D:5      | Entered Level 5 of the Dungeon
  5070 | D:5      | Found an iron altar of Okawaru.
  5124 | D:5      | Found a staircase to the Ecumenical Temple.
  5230 | Temple   | Entered the Ecumenical Temple
  5493 | Temple   | Became a worshipper of Ashenzari the Shackled
  5777 | D:5      | Found a stormy altar of Qazlal.
  5830 | D:5      | Mangled by an ogre

Illustrated notes

Levels and vault maps discovered:
D:1:      lightli_arrival_windingriver, layout_loops_corners,
          hellmonk_ecumenical_altar_crossroads
D:2:      layout_rooms, uniq_sigmund, uniq_natasha
D:3:      layout_rooms, mainiacjoe_overflow_boulevard
D:4:      minmay_general_purpose_star, layout_rooms, serial_shops,
          nicolae_shop_advertising_works [nicolae_subvault_shop_adworks],
          chequers_serial_rivers_marsh
D:5:      layout_rooms, lemuel_tele_altar, mainiacjoe_overflow_alcove_4,
          minmay_temple_entry_purple_smoke, kennysheep_generic_room_6
Temple:   regret_index_temple_generic_petals

Skill      XL: |  1  2  3  4  5  6  7 |
---------------+----------------------+-----
Dodging        | 3 4 6 7 |  7.0
Spellcasting   | 4 5 |  5.0
Ice Magic      | 5 6 7 |  7.7
Stealth        | |  2.4

Action                   |  1- 3 |  4- 6 |  7- 9 || total
-------------------------+-------+-------+-------++-------
Melee: Unarmed           |    15 |       |       ||    15
       Dagger            |    11 |    68 |    51 ||   130
       Falchion          |     4 |       |       ||     4
       Morningstar       |       |       |    17 ||    17
       Punch             |       |       |     3 ||     3
 Cast: Freeze            |    40 |    18 |     9 ||    67
       Frozen Ramparts   |     4 |    18 |     8 ||    30
       Ozocubu's Armour  |       |     2 |     4 ||     6
  Use: Scroll            |     5 |     5 |       ||    10
       Potion            |       |     1 |       ||     1
 Stab: Sleeping          |     2 |     1 |     1 ||     4
Armor: Robe              |     3 |    20 |    16 ||    39
       Leather armour    |    15 |     6 |       ||    21
Dodge: Dodged            |    54 |    86 |    61 ||   201
